 Dungeon Crawl Stone Soup version 0.31.0-11-ge490571c62 (webtiles) character file.

Game seed: 5224377181894338265

26 PriceMaster the Magician (level 3, 0/21 HPs)
             Began as an Octopode Hedge Wizard on Jan 26, 2024.
             Slain by Jessica
             ... wielding a +0 club
              (8 damage)
             ... on level 2 of the Dungeon.
             The game lasted 00:02:27 (1015 turns).

PriceMaster the Magician (Octopode Hedge Wizard)    Turns: 1015, Time: 00:02:28

Health: 0/21       AC:  1    Str: 13    XL:     3   Next: 8%
Magic:  2/8        EV: 13    Int: 17    God:
Gold:   75         SH:  0    Dex: 10    Spells: 5/9 levels left

rFire   . . .        a - +0 dagger
rCold   . . .        (no shield)
rNeg    . . .        b - +0 hat
rPois   .            (no amulet)
rElec   .            (no ring)
rCorr   .            (no ring)
SInv    .            (no ring)
Will    .....        (no ring)
Stlth   +++          (no ring)
HPRegen 0.23/turn    (no ring)
MPRegen 0.11/turn    (no ring)
                     (no ring)

%: no passive effects
@: on blink cooldown, slowed, very slow
A: almost no armour, amphibious, 8 rings, camouflage 1, gelatinous body 1,
(nimble swimmer 1), tentacles, screaming 1, strong 1
a: no special abilities


You were on level 2 of the Dungeon.
You visited 1 branch of the dungeon, and saw 2 of its levels.

You collected 75 gold pieces.

Inventory:

Hand Weapons
 a - a +0 dagger (weapon)
Armour
 b - a +0 hat (worn)
Potions
 c - a potion of magic
 d - 2 potions of mutation


   Skills:
 + Level 2.5 Dodging
 + Level 3.0 Stealth
 + Level 3.5 Spellcasting
 + Level 1.1 Conjurations
 + Level 1.0 Summonings
 + Level 1.0 Translocations


You had 5 spell levels left.
You knew the following spells:

 Your Spells              Type           Power      Damage    Failure   Level
a - Magic Dart            Conj           24%        1d4       11%         1
b - Slow                  Hex            8%         N/A       17%         1
c - Blink                 Tloc           12%        N/A       17%         2

Your spell library contained the following spells:

 Spells                   Type           Power      Damage    Failure   Level
 Call Imp                 Summ           12%        N/A       17%         2
 Cigotuvi's Dreadful Rot  Necr/Alch/Air  4%         N/A       26%         2
 Mephitic Cloud           Conj/Alch/Air  4%         N/A       38%         3


Dungeon Overview and Level Annotations

Branches:
Dungeon (2/15)

Altars:

Annotations:
D:2 Jessica


Innate Abilities, Weirdness & Mutations

You cannot wear most types of armour.
You are amphibious.
You can wear up to eight rings at the same time.
Your skin changes colour to match your surroundings (Stealth+).
Your rubbery body absorbs attacks. (AC +1, EV +1)
((You are camouflaged when in or above water. (Stealth+)))
You have tentacles for arms and can constrict up to eight enemies at once.
You occasionally shout uncontrollably at your foes.
Your muscles are strong. (Str +4, Int/Dex -1)


Message History

The dart slug is no longer moving slowly.
The dart slug launches a dart at you. The slug dart hits you.
You hit the frilled lizard.
You kill the frilled lizard!
A hobgoblin comes into view.
The dart slug bites you.
Jessica points at you and mumbles some strange words.
You feel yourself slow down.
You hit the dart slug but do no damage. You grab the dart slug.
You squeeze the dart slug.
The dart slug is heavily wounded.
You constrict the dart slug, but do no damage.
The hobgoblin shouts!
The dart slug closely misses you. Jessica hits you with a +0 club.
Your magical contamination has completely faded away.
It was a potion of mutation.
You feel extremely strange.
You feel the urge to shout.
You feel stronger.
You constrict the dart slug.
A giant cockroach comes into view.
Jessica hits you with a +0 club. The dart slug launches a dart at you.
The slug dart misses you.
Jessica gestures wildly while chanting.
Jessica blinks!
Okay, then.
Casting: Magic Dart (safe; 11% risk of failure)
Confirm with . or Enter, or press ? or * to list all spells.
You blink.
You lose your grip on the dart slug.
Casting: Blink (safe; 17% risk of failure)
Confirm with . or Enter, or press ? or * to list all spells.
You are still too unstable to blink.
Casting: Blink (safe; 17% risk of failure)
Confirm with . or Enter, or press ? or * to list all spells.
You are still too unstable to blink.
As you read the scroll labelled PIXKAN ASULU, it crumbles to dust.
It is a scroll of identify.
You don't currently have any unidentified items.
Jessica hits you with a +0 club!
You die...

...........## ..
......####.# .
#..######..###
...####......#
.#. #........#
........(....#
.###.....†.#
##........###
#...B....w@#
.B..#.##...@#
........g....).
.....####.......
##... #....###
.# ...### ....
.....


You could see a dart slug, Jessica, a giant cockroach and a hobgoblin.

Vanquished Creatures
  2 ball pythons (D:1)
  2 endoplasms (D:1)
  7 goblins
  3 hobgoblins (D:1)
  2 jackals (D:1)
  A quokka (D:1)
  2 bats (D:1)
  A frilled lizard (D:2)
  2 rats
22 creatures vanquished.

Notes
Turn   | Place    | Note
-------+----------+-------------------------------------------
     0 | D:1      | PriceMaster the Octopode Hedge Wizard began the quest for
                  | the Orb.
     0 | D:1      | Reached XP level 1. HP: 11/11 MP: 4/4
   274 | D:1      | Reached XP level 2. HP: 17/17 MP: 0/6
   455 | D:1      | Learned a level 1 spell: Slow
   458 | D:1      | Learned a level 2 spell: Blink
   958 | D:2      | Reached XP level 3. HP: 21/21 MP: 7/7
  1004 | D:2      | Noticed Jessica
  1013 | D:2      | Gained mutation: You occasionally shout uncontrollably at
                  | your foes. [potion of mutation]
  1013 | D:2      | Gained mutation: Your muscles are strong. (Str +4, Int/Dex
                  | -1) [potion of mutation]
  1015 | D:2      | Slain by Jessica

Illustrated notes

Levels and vault maps discovered:
D:1:      dpeg_arrival_round_a, layout_basic
D:2:      layout_rooms, minmay_stone_trees_small, uniq_jessica

Skill      XL: |  1  2 |
---------------+-------+-----
Stealth        | 3 |  3.0
Dodging        | |  2.5
Spellcasting   | |  3.5
Conjurations   | |  1.1
Summonings     | |  1.0
Translocations | |  1.0

Action                     || total
---------------------------++-------
  Melee: Dagger            ||    25
         Constrict         ||     7
         Tentacles         ||     7
   Cast: Magic Dart        ||    24
         Slow              ||     3
         Blink             ||     1
    Use: Scroll            ||     1
         Potion            ||     1
   Stab: Sleeping          ||     2
 Armour: Skin              ||    13
  Dodge: Dodged            ||    15
